Noisytoot, lawful female dwarven Valkyrie ------------ --------------------------------- ----- |..........| |...............................| #....| |..........| |.------------.....------------.| ###|...| |..........| |.|%%+|...|!%|.....| |(((|...|.| ####.....# |..........| |.|.[%|...|%%|.....+ |(((|...|.|### |...|# |...%....<.| |.|[[*|...|..|.....| |...|...|.|# ###....|# -----|---.-- |.|...|...||--.....----|----|--.|# -----### ----- ###### |.--|--|---.....................|#################..%.| # # |.............{......{..........|# ### |...| #### |.-|----|--...[-|----...........|#################-...| # # |.|...|...|---.|....|.----|----.|# ###|.>.| ### |.|.((|...| |.|....|.+ |....|.|# #-...| -.-.--- |.|((.|...| +.|.._.|.| |....|.|# ----- |.....| |@|(((|...| |.|....|.| |....|.|# |.....| ##|d------------.------.---------.|# |......########)[###.k..............................-# ------- ---------------------------------# Noisytoot the Fighter Experience level: 6 Strength: 13 Dexterity: 12 Constitution: 20 Intelligence: 8 Wisdom: 8 Charisma: 9 Health: 0(70) Energy: 14(14) Def: 2 Gold: 49 Moves: 3106 Dungeon seed: 9haUt1BXFh6bZ-Uk Game ID: Noisytoot_1685625177 Your Inventory: Coins $ - 49 gold pieces Weapons a - a +1 long sword (weapon in hand) b - a +0 dagger (alternate weapon; not wielded) x - 3 poisoned +0 darts B - a blessed +0 elven dagger H - 37 +0 darts I - a blessed +1 dart J - a cursed -2 dart L - a +0 bow Armor n - an uncursed +0 cloak of displacement (being worn) r - an uncursed +0 orcish helm (being worn) Comestibles f - 3 uncursed slime molds k - an uncursed egg l - 3 uncursed food rations Q - an uncursed lizard corpse Scrolls i - an uncursed scroll of teleportation p - an uncursed scroll of gold detection s - a blessed scroll of teleportation Spellbooks d - an uncursed spellbook of restore ability o - a blessed spellbook of magic missile K - an uncursed spellbook of magic missile Potions g - a blessed potion of blindness v - an uncursed potion of water A - an uncursed potion of hallucination C - an uncursed potion of acid Rings j - a blessed +1 ring of gain constitution G - an uncursed ring of poison resistance Wands m - a wand of enlightenment (0:14) u - a wand of magic missile (0:3) Tools h - an uncursed bugle w - an uncursed tin whistle E - an uncursed tin whistle F - an uncursed leash O - a magic marker (0:93) Gems q - 3 uncursed worthless pieces of red glass y - 2 uncursed worthless pieces of black glass z - an uncursed worthless piece of yellow glass N - an uncursed worthless piece of violet glass Y - 2 uncursed flint stones Spells and supernatural/magical abilities: Name Level Category Fail Memory m - magic missile 2 attack 100% 98% W - pray for help -- divine ? -- Your skills at the end: Fighting Skills Weapon Skills dagger [Basic] long sword [Skilled] Spellcasting Skills Final Attributes: You were piously aligned. You were cold resistant. You had infravision. You were displaced. You were stealthy. You are dead. Vanquished creatures: a large mimic 2 small mimics a leprechaun a lizard a yellow light a kitten a kobold lord 3 hill orcs 2 orc zombies a dwarf zombie a wererat an iguana 2 acid blobs a coyote a gas spore 2 hobbits 2 large kobolds a hobgoblin 2 yellow molds a red mold 6 gnomes a gnome zombie 2 geckos 2 jackals 2 kobolds 4 sewer rats 2 grid bugs 2 bats 5 lichens a kobold zombie 8 newts 63 creatures vanquished. Voluntary challenges: You had been an atheist until turn 2596. You used a wielded weapon 75 times, starting on turn 3. You read items or engraved 63 times, starting on turn 1279. You never genocided any monsters. You never polymorphed an object. You never changed form. You used no wishes. You never split a pudding. You wrote Elbereth's name 41 times, starting on turn 1280. You violated your moral code, losing 3 points of alignment, starting on turn 1499. Dungeon overview: The Dungeons of Doom: levels 1 to 3 Level 1 some fountains a long staircase Level 2 (general store with trollsbane) a general store stairs to The Gnomish Mines Level 3 The Gnomish Mines: levels 3 to 7 Level 3 stairs to The Dungeons of Doom Level 4 Level 5 Level 6 <- You were here many shops, a temple to Odin, some fountains Level 7 History has recorded: On T:1 you entered the Dungeons of Doom to retrieve the Amulet of Yendor! On T:367 you reached level 2 of The Dungeons of Doom. On T:459 you reached level 1 of The Gnomish Mines. On T:895 you advanced to experience level 2. On T:1084 you advanced to experience level 3. On T:1395 you reached level 3 of The Dungeons of Doom. On T:1463 you advanced to experience level 4. On T:1815 you reached level 2 of The Gnomish Mines. On T:1923 you reached level 3 of The Gnomish Mines. On T:2298 you advanced to experience level 5. On T:2398 you reached level 4 of The Gnomish Mines. On T:2662 you advanced to experience level 6. On T:2967 you reached level 5 of The Gnomish Mines. Score breakdown: Gold: 49 ( 5779 points) Experience: 6 levels (12456 points) Exploration: 7 levels ( 14.58%) (10718 points) Discoveries: 9 items ( 3.66%) ( 5738 points) Valuables value: (no points given unless you survive) Artifact value: 0 ( 0 points) Variety of kills: 31 monsters ( 8.14%) ( 8557 points) Turncount: 3106 turns ( -651 points) Survival: died (score multiplied by 80%) Total score: 34077 Latest messages: You see here an orcish helm. You hit the wood nymph! The wood nymph pretends to be friendly. The wood nymph charms you. You gladly hand over your shield. She stole an uncursed +3 small shield. The gray unicorn butts! The gray unicorn kicks! The gray unicorn butts! The gray unicorn kicks! You miss the gray unicorn. The gray unicorn butts! The gray unicorn kicks! The gray unicorn butts! The gray unicorn kicks! You write in the dust with your fingers. The gray unicorn turns to flee! You feel an unexpected draft. The dingo bites! You miss the dingo. The dingo bites! You die... Final status: Farvel Noisytoot the Valkyrie, killed by a dingo... You died in The Gnomish Mines on dungeon level 6 with 34077 points, and 49 pieces of gold, after 3106 moves. You were level 6 with a maximum of 70 hit points when you died.